Map: Washout LE

Players

Sentinell

  • Race: Protoss Protoss

SummerZerg - Winner!

  • Race: Zerg Zerg
  • League: Diamond

VOD

Have the link to the VOD?

Description

Time

  • Played on: Aug. 25, 2026, 3:12 p.m.
  • Length: 4:51
Show
View Real Time Build Order
Export as new Build Order

Sentinell Protoss 

Build Orders:  

Get SALT Encoding   

  8  0:02  Probe (Chrono Boost)  
  9  0:11  Probe (Chrono Boost)  
  10  0:18  Probe  
  11  0:28  Pylon  
  11  0:33  Probe  
  12  0:48  Gateway  
  12  0:51  Probe  
  13  1:03  Probe  
  14  1:15  Probe  
  15  1:19  Assimilator  
  15  1:21  Pylon  
  15  1:27  Probe (Chrono Boost)  
  16  1:39  Probe (Chrono Boost)  
  17  1:41  Cybernetics Core  
  17  1:44  Probe (Chrono Boost)  
  18  1:49  Zealot  
  18  1:54  Probe  
  21  2:06  Probe  
  22  2:18  Probe  
  22  2:21  Adept  
  23  3:01  Nexus  
  23  3:13  Pylon  
  23  3:15  Adept  
  24  3:32  Shield Battery  
  19  3:57  Adept (Chrono Boost)  
  20  4:19  Probe  
  20  4:21  Probe  
  22  4:28  Assimilator  
  22  4:31  Gateway, Probe  
Show
View Real Time Build Order
Export as new Build Order

SummerZerg Zerg - Winner!

Build Orders: Pool First 

Get SALT Encoding   

  8  0:02  Drone  
  9  0:13  Drone  
  10  0:17  Drone  
  11  0:28  Drone  
  12  0:48  Spawning Pool, Drone  
  12  1:02  Extractor  
  12  1:03  Extractor, Drone x2  
  12  1:10  Overlord  
  13  1:44  Hatchery  
  12  1:53  Zergling x2  
  13  1:54  Zergling x2  
  13  2:00  Zergling x2  
  15  2:12  Metabolic Boost  
  15  2:17  Zergling x2  
  15  2:19  Zergling x2  
  17  2:26  Zergling x2  
  18  2:38  Hatchery  
  16  2:53  Zergling x2  
  16  2:54  Zergling x4  
  18  3:20  Zergling x2  
  18  3:24  Overlord  
  18  3:25  Queen  
  18  3:43  Zergling x2  
  18  3:44  Zergling x4  
  19  3:56  Zergling x2  
  20  4:08  Zergling x6  
  23  4:18  Zergling x2  
  23  4:19  Zergling x2  
  24  4:25  Overlord  
  24  4:26  Zergling x2  
Tags
 
Add a new tag
Caveats
  • Supply blocks, unpowered buildings, or Contaminate may cause inaccurate times.
  • Supply counts are checked every 10 seconds.